 Dungeon Sprint DCSS version 0.22-a0-858-g985ef60 (webtiles) character file.

2500000 protoss039 the Axe Maniac (level 21, -35/224 HPs)
             Began as a Ghoul Wanderer on July 27, 2018.
             Was a High Priest of Makhleb.
             Annihilated by a destroyer
             ... wielding a +9 great sword of slicing
              (240 damage)
             ... in the Dungeon (Sprint VIII: "Arena of Blood").
             The game lasted 00:03:48 (25 turns).

protoss039 the Axe Maniac (Ghoul Wanderer)            Turns: 25, Time: 00:03:50

Health: -35/224    AC:  3    Str: 17    XL:     21   Next: 85%
Magic:  9/48       EV: 31    Int: 10    God:    Makhleb [*****.]
Gold:   0          SH:  0    Dex: 14    Spells: 69/69 levels left

rFire    . . .     SeeInvis .   a - +∞ Axe of Woe
rCold    + . .     Gourm    .   (shield currently unavailable)
rNeg     + + +     Faith    .   d - +0 robe
rPois    ∞         Spirit   .   (no helmet)
rElec    .         Reflect  .   (no cloak)
rCorr    .         Harm     .   (no gloves)
MR       +....     NoTele   +   (no boots)
Stlth    ++++++++..             (no amulet)
HPRegen  0.00/turn              (no ring)
MPRegen  0.31/turn              (no ring)

@: rotting
A: rotting body, claws 1, carnivore, cold resistance 1, negative energy
resistance 3, inhibited regeneration, torment resistance, unbreathing
a: Minor Destruction, Lesser Servant of Makhleb, Major Destruction, Greater
Servant of Makhleb, Renounce Religion


You were in the Dungeon.
You worshipped Makhleb.
Makhleb was extremely pleased with you.
You were not hungry.

You visited 1 branch

Inventory:

Hand Weapons
 a - the +∞ Axe of Woe (weapon)
   (You found it in the Dungeon)
 e - a +0 club
Armour
 d - a +0 robe (worn)
Scrolls
 k - a scroll of blinking
Potions
 c - 2 potions of curing
 g - a potion of heal wounds
 h - a potion of haste
 i - 2 potions of magic
 j - a potion of berserk rage
Comestibles
 f - a ration


   Skills:
 O Level 27 Fighting
 O Level 27 Axes
 + Level 18.2(24.4) Maces & Flails
 + Level 18.2 Throwing
 + Level 18.7 Armour
 O Level 27 Dodging
 + Level 23.5 Stealth
 + Level 21.0 Unarmed Combat
 + Level 24.5 Spellcasting
   Level 1.0 Conjurations
   Level 1.0 Translocations
 O Level 27 Invocations
   Level 1.0 Evocations


You had 69 spell levels left.
You didn't know any spells.
Your spell library contained the following spells:

 Spells                   Type           Power        Failure   Level  Hunger
 Magic Dart               Conj           ##..         1%          1    None
 Conjure Flame            Conj/Fire      ##......     8%          3    None
 Slow                     Hex            ##......     4%          2    None
 Throw Frost              Conj/Ice       ##....       3%          2    None
 Mephitic Cloud           Conj/Pois/Air  ##......     9%          3    None
 Blink                    Tloc           N/A          3%          2    None
 Call Imp                 Summ           ##......     4%          2    None
 Ensorcelled Hibernation  Hex/Ice        ##....       4%          2    None


Dungeon Overview and Level Annotations

Branches:
Dungeon (1/1)

Altars:
Makhleb


Innate Abilities, Weirdness & Mutations

Your body is rotting away.
You thrive on raw meat.
You are immune to poison.
You have sharp fingernails.
You are carnivorous and can eat meat at any time.
Your flesh is cold resistant. (rC+)
You are immune to negative energy. (rN+++)
You do not regenerate when monsters are visible.
You are immune to unholy pain and torment.
You can survive without breathing.


Message History

Your base Maces & Flails skill increases to level 18!
Your Throwing skill increases to level 18!
Your Stealth skill increases to level 23!
Your Unarmed Combat skill increases to level 21!
You hear a shout! x3
The destroyer blinks!
You hear a shout! x3
The destroyer blinks!
Unknown command.
Okay, then.
Unknown command.
Really walk into that cloud of flame?
A bag of meat comes into view. It is wielding a +9 war axe.
You are engulfed in blazing flames.
You hear a shout! x2
The bag of meat completely misses you.
You hear a shout!
The destroyer hits you with a +9 great sword of slicing!!!!!
Ouch! That really hurt!
You die...

.o..... .......
.......#.#......
...............#
........§..o....
...O............
........oo..o..
....§..V§§.V...
#...)@§§#
#...o§)§# ..
.###...o..o###...
......###).....o.
......_)........
...#....)#......
...#_.<._#......
.. #.....#......
......_.........


You could see 2 destroyers, a meat berserker (berserk) and 8 bags of meat.

Vanquished Creatures
  7 ogres (D)
  A two-headed ogre (D)
  15 orcs (D)
23 creatures vanquished.

Notes
Turn   | Place    | Note
-------+----------+-------------------------------------------
     0 | D        | Found the +∞ Axe of Woe
     0 | D        | protoss039 the Ghoul Wanderer began the quest for the Orb.
     0 | D        | protoss039 set off with: 2 potions of curing, a +0 robe, a +0 club, a ration, a potion of heal wounds, a potion of haste, 2 potions of magic, a potion of berserk rage, a scroll of blinking
     0 | D        | Reached XP level 1. HP: 17/17 MP: 3/3
     2 | D        | Noticed a bag of meat
     3 | D        | Killed a bag of meat
     3 | D        | Reached XP level 2. HP: 42/42 MP: 3/22
     3 | D        | Reached XP level 3. HP: 49/49 MP: 3/23
     3 | D        | Reached XP level 4. HP: 57/57 MP: 3/25
     3 | D        | Reached XP level 5. HP: 63/63 MP: 3/26
     3 | D        | Reached XP level 6. HP: 71/71 MP: 3/28
     3 | D        | Reached XP level 7. HP: 78/78 MP: 3/29
     3 | D        | Reached XP level 8. HP: 85/85 MP: 3/31
     3 | D        | Reached XP level 9. HP: 91/91 MP: 3/32
     3 | D        | Reached XP level 10. HP: 99/99 MP: 3/33
     3 | D        | Reached XP level 11. HP: 105/105 MP: 3/34
     3 | D        | Reached XP level 12. HP: 113/113 MP: 3/35
     3 | D        | Noticed a bag of meat
     3 | D        | Noticed a meat berserker
     4 | D        | Noticed a meat berserker
     5 | D        | Became a worshipper of Makhleb the Destroyer
     6 | D        | Killed a meat berserker
     6 | D        | Reached XP level 13. HP: 119/119 MP: 3/36
     6 | D        | Reached XP level 14. HP: 127/127 MP: 3/37
     8 | D        | Killed a meat berserker
     8 | D        | Reached * piety under Makhleb
     8 | D        | Reached XP level 15. HP: 98/134 MP: 4/38
     8 | D        | Reached skill level 27 in Axes
     8 | D        | Reached skill level 5 in Dodging
    10 | D        | Noticed a meat berserker
    11 | D        | Noticed a meat berserker
    11 | D        | Noticed a meat berserker
    12 | D        | Reached XP level 16. HP: 150/151 MP: 5/39
    15 | D        | Killed a meat berserker
    15 | D        | Reached ** piety under Makhleb
    15 | D        | Reached XP level 17. HP: 173/173 MP: 6/40
    15 | D        | Noticed a large bag of meat
    16 | D        | Killed a meat berserker
    16 | D        | Killed a meat berserker
    16 | D        | Reached *** piety under Makhleb
    16 | D        | Reached XP level 18. HP: 195/195 MP: 6/41
    16 | D        | Noticed a meat berserker
    18 | D        | Noticed a meat berserker
    19 | D        | Reached skill level 27 in Fighting
    19 | D        | Reached **** piety under Makhleb
    19 | D        | Reached skill level 27 in Invocations
    19 | D        | Reached XP level 19. HP: 207/207 MP: 7/42
    21 | D        | Killed a large bag of meat
    21 | D        | Reached skill level 27 in Dodging
    21 | D        | Reached skill level 10 in Armour
    21 | D        | Killed a meat berserker
    21 | D        | Reached ***** piety under Makhleb
    21 | D        | Reached XP level 20. HP: 216/216 MP: 7/44
    21 | D        | Reached skill level 15 in Unarmed Combat
    21 | D        | Reached skill level 15 in Armour
    22 | D        | Reached skill level 15 in Maces & Flails
    22 | D        | Reached skill level 15 in Throwing
    22 | D        | Reached XP level 21. HP: 224/224 MP: 7/47
    22 | D        | Noticed a destroyer
    22 | D        | Noticed a meat berserker
    23 | D        | Noticed a destroyer
    24 | D        | Killed a meat berserker
    25 | D        | Annihilated by a destroyer

Vault maps used:
D:        meatsprint

Skill      XL: |  1  2  3  4  5  6  7  8  9 10 11 12 13 14 15 16 17 18 19 20 21 |
---------------+----------------------------------------------------------------+-----
Fighting       | 12 16 21 25 27 | 27.0
Axes           | 4 20 26 27 | 27.0
Armour         | 4 12 16 18 | 18.7
Stealth        | 9 17 20 23 | 23.5
Spellcasting   | 20 21 23 24 | 24.5
Dodging        | 9 16 20 24 27 | 27.0
Invocations    | 11 18 23 27 | 27.0
Maces & Flails | 12 15 18 | 18.2
Throwing       | 12 15 18 | 18.2
Unarmed Combat | 14 18 21 | 21.0
Conjurations   | |  1.0
Translocations | |  1.0
Evocations     | |  1.0

Action                   |  1- 3 |  4- 6 |  7- 9 | 10-12 | 13-15 | 16-18 | 19-21 || total
-------------------------+-------+-------+-------+-------+-------+-------+-------++-------
Melee: Executioner's axe |     1 |       |       |     1 |     2 |     3 |     3 ||    10
 Stab: Distracted        |     1 |       |       |       |       |       |       ||     1
Dodge: Dodged            |       |       |       |       |       |       |     2 ||     2

Table legend:
 A = Spawn XP
 B = Non-spawn XP
 C = Spawn XP percentage of total XP
 D = Spawn monster count
 E = Non-spawn monster count
 F = Spawn count percentage of total count
 G = Total turns spent on level
                    A         B        C        D         E        F      G
               +---------+---------+-------+---------+---------+-------+---------
         Total |       0 |  579258 |   0.0 |       0 |      23 |   0.0 |    25
               +---------+---------+-------+---------+---------+-------+---------
             D |       0 |  579258 |   0.0 |       0 |      23 |   0.0 |    25
               +---------+---------+-------+---------+---------+-------+---------
